Map: Whirlwind LE (Void)

Players

Musumeci - Winner!

  • Race: Zerg Zerg
  • League: Diamond
  • Spawn Location: 11:00

Baumpilz

  • Race: Zerg Zerg
  • League: Diamond
  • Spawn Location: 5:00

VOD

Have the link to the VOD?

Description

Time

  • Played on: Jan. 9, 2017, 8:48 a.m.
  • Length: 6:03
Show
View Real Time Build Order
Export as new Build Order

Musumeci Zerg - Winner!

Build Orders: Pool First 

Get SALT Encoding   

  12  0:00  Drone  
  13  0:12  Overlord  
  13  0:17  Drone  
  14  0:22  Drone, Extractor  
  15  0:31  Drone  
  15  0:34  Drone  
  17  0:46  Spawning Pool  
  16  0:52  Drone  
  16  0:53  Extractor  
  16  1:19  Drone x2  
  16  1:20  Drone  
  19  1:28  Hatchery  
  18  1:38  Zergling x2  
  19  1:44  Queen  
  21  1:58  Metabolic Boost  
  21  2:08  Spine Crawler  
  20  2:09  Zergling x4  
  22  2:17  Baneling Nest  
  22  2:18  Zergling x2  
  22  2:27  Overlord  
  22  2:40  Queen  
  22  2:42  Zergling x4  
  22  2:43  Zergling x2  
  24  3:17  Baneling x2  
  24  3:19  Zergling x12  
  26  3:49  Zergling x8  
  26  3:54  Baneling  
  30  4:07  Zergling x10  
  30  4:08  Zergling x2  
  36  4:15  Baneling x2  
  35  4:38  Baneling x2  
  32  4:39  Zergling x6  
  32  4:43  Drone  
  32  4:44  Overlord x2  
  36  4:45  Evolution Chamber  
  32  5:03  Zergling x8  
  33  5:14  Zergling x4  
  33  5:15  Zergling x6  
Show
View Real Time Build Order
Export as new Build Order

Baumpilz Zerg 

Build Orders: Hatch First 

Get SALT Encoding   

  12  0:01  Drone  
  13  0:12  Overlord  
  13  0:17  Drone  
  14  0:30  Drone x2  
  14  0:34  Drone  
  17  0:52  Hatchery  
  17  0:56  Drone  
  17  0:58  Drone  
  18  1:09  Extractor  
  17  1:14  Spawning Pool  
  17  1:17  Drone  
  17  1:20  Drone  
  18  1:28  Drone  
  19  1:42  Overlord  
  19  1:50  Drone  
  20  2:01  Queen  
  20  2:02  Zergling x2  
  20  2:04  Queen  
  20  2:05  Zergling x2  
  26  2:14  Zergling x2  
  26  2:15  Drone  
  28  2:23  Drone  
  29  2:37  Drone  
  29  2:38  Drone x2  
  29  2:41  Metabolic Boost, Evolution Chamber  
  31  2:45  Drone  
  31  2:46  Baneling Nest  
  31  2:48  Drone  
  31  3:15  Drone  
  31  3:16  Drone x4  
  31  3:17  Overlord x2  
  31  3:19  Zerg Melee Weapons Level 1  
  35  3:35  Extractor  
  35  3:37  Spore Crawler  
  29  3:57  Drone, Zergling x4  
  29  3:58  Drone x2, Zergling x8  
  29  3:59  Drone x3  
  29  4:00  Extractor  
  41  4:09  Zergling x2  
  39  4:16  Zergling x4  
  39  4:19  Baneling x4  
  38  4:27  Zergling x4  
  35  4:48  Zergling x8  
  40  4:53  Queen  
  38  5:03  Drone x3  
  37  5:09  Baneling x3  
  30  5:15  Zergling x4  
  30  5:16  Zergling x4  
  31  5:30  Zergling x2  
  30  5:45  Zergling x8  
Tags
 
Add a new tag
Caveats
  • Supply blocks, unpowered buildings, or Contaminate may cause inaccurate times.
  • Supply counts are checked every 10 seconds.